Cogmind - Beta 17.1 @@@ ROGUE MODE // 2026.09.21 @ 18:14:08 Player: Caluan Result: Destroyed by D-53 Grenadier with Mini Grenade Launcher Performance ------------- Evolutions (0) 0 Regions Visited (2) 400 Robots Destroyed (25) 125 Value Destroyed (420) 420 Prototype IDs (0) 0 Alien Tech Used (0) 0 Bonus (0) 0 TOTAL SCORE: 945 Bonus ------- None Cogmind --------- Core Integrity 0/250 Matter 175/300 Energy 98/100 System Corruption 2% Temperature Cool (0) Movement Core (450) Ox8 Location -10/Mines Parts ------- > --- POWER (1) -------- (None) > --- PROPULSION (2) --- (None) > --- UTILITY (2) ------ Large Storage Unit > --- WEAPON (2) ------- Autogun Autogun > --- INVENTORY (15) --- Light Treads Light Treads Aluminum Leg Aluminum Leg Aluminum Leg Hacking Suite Hacking Suite Autogun Autogun Autogun Autogun Datajack Peak State ------------ > --- POWER ------------ Ion Engine > --- PROPULSION ------- Aluminum Leg Aluminum Leg > --- UTILITY ---------- Large Storage Unit > --- WEAPON ----------- Autogun Autogun > --- INVENTORY -------- Light Treads Light Treads Aluminum Leg Aluminum Leg Aluminum Leg Hacking Suite Hacking Suite Autogun Autogun Autogun Autogun Datajack [Rating: 10] Favorites ----------- Power Ion Engine Engine Ion Engine Propulsion Aluminum Leg Leg Aluminum Leg Utility Large Storage Unit Storage Large Storage Unit Weapon Autogun Energy Gun EM Pulse Gun Ballistic Gun Autogun Build | -11 -10 -10 ------- Run | Yrd Mat Min Slots Evolved . | . . . Power . | . . . Propulsion . | . . . Utility . | . . . Weapon . | . . . Parts Attached 11 | 6 3 2 Power 1 | 1 . . Engine 1 | 1 . . Core . | . . . Reactor . | . . . Propulsion 2 | 2 . . Treads . | . . . Leg 2 | 2 . . Wheel . | . . . Hover . | . . . Flight . | . . . Utility 1 | . 1 . Device . | . . . Storage 1 | . 1 . Processor . | . . . Hackware . | . . . Protection . | . . . Artifact . | . . . Weapon 7 | 3 2 2 Energy Gun 3 | 3 . . Energy Cannon . | . . . Ballistic Gun 4 | . 2 2 Ballistic Cannon . | . . . Launcher . | . . . Special Weapon . | . . . Impact Weapon . | . . . Slashing Weapon . | . . . Piercing Weapon . | . . . Special Melee Weapon . | . . . Unidentified Prototypes . | . . . Parts Lost 6 | . 1 5 Power 1 | . . 1 Propulsion 2 | . . 2 Utility . | . . . Weapon 3 | . 1 2 Highest Loss Streak 5 | . 1 5 To Critical Strikes . | . . . Average Backups 8 | 1 7 13 Power . | . . . Propulsion 3 | 1 3 5 Utility . | . . 2 Weapon 2 | . 2 5 Tool/Special . | . . . Unused Backups 13 | . 1 12 Power . | . . . Propulsion 5 | . . 5 Utility 2 | . . 2 Weapon 5 | . 1 4 Tool/Special 1 | . . 1 Average Slot Usage (%) 81 | . 80 83 Engine 13 | . 14 13 Leg 27 | . 28 26 Storage 10 | . 10 14 Energy Gun 4 | . 5 . Ballistic Gun 23 | . 22 28 Peak Build Rating 10 | 5 10 10 Average Rating 8 | 3 7 9 On Entrance 5 | . 5 10 Avg Prop Armor Cover (%) . | . . . Naked Turns . | . . . Heaviest Build 31 | 9 31 31 Greatest Support 20 | 20 20 20 Greatest Overweight (x) 1 | . 1 1 Average Overweight (x) . | . . 1 Largest Inventory Capacity 15 | 5 15 15 Average Capacity 12 | 5 12 15 Most Carried 14 | 4 14 14 Average Carried 8 | 2 7 13 Final Capacity 15 | 5 15 15 Final Carried 14 | 3 14 12 Class Distribution -------------------- 100% | Mutant Dominant Class ---------------- Mutant | -10/Materials Mutant | -10/Mines Resources | -11 -10 -10 ----------- Run | Yrd Mat Min Matter Collected 594 | 250 344 . Remotely . | . . . Salvage Created 605 | . 576 29 Parts 43 | . 41 2 Haulers Intercepted 1 | . 1 . Recyclers Shooed . | . . . Parts Field Recycled . | . . . Retrieved Matter . | . . . Parts Self-Destructed . | . . . Prevented . | . . . Parts Restored . | . . . Kills | -11 -10 -10 ------- Run | Yrd Mat Min Combat Hostiles Destroyed 19 | . 19 . Guns 18 | . 18 . AOE 1 | . 1 . Classes Destroyed 6 | . 6 . Worker 2 | . 1 1 Hauler 1 | . 1 . Operator 2 | . 2 . Watcher 1 | . 1 . Swarmer 12 | . 12 . Grunt 7 | . 7 . Best Kill Streak 5 | . 5 1 Combat Bots Only 4 | . 4 . Max Kills in Single Turn 2 | . 2 1 Gunslinging 1 | . 1 . Exploded 1 | . 1 . Melee . | . . . Uniques/NPCs Destroyed . | . . . Combat | -11 -10 -10 -------- Run | Yrd Mat Min Hostile Shots Fired 113 | . 103 10 Missed 34 | . 33 1 Hits 79 | . 70 9 Projectile 79 | . 70 9 AOE 10 | . . 10 Damage Taken 1014 | . 641 373 Core 257 | . 158 99 Absorbed by Shields . | . . . Core Remaining (%) 100 | 100 . . Volleys Fired 72 | . 68 4 Largest 2 | . 2 2 Hottest 90 | . 90 46 Shots Fired 143 | . 135 8 Gun 143 | . 135 8 Cannon . | . . . Launcher . | . . . Special . | . . . Kinetic 104 | . 96 8 Thermal 19 | . 19 . Explosive . | . . . Electromagnetic 20 | . 20 . Robot Hit Streak 7 | . 7 3 Robot Miss Streak 6 | . 6 4 Penetration Max . | . . . Secondary Targets 4 | . 4 . Max Gunslinging Chain 1 | . 1 . Shots Hit Robots 75 | . 73 2 Core Hits 31 | . 30 1 Critical Kills . | . . . Critical Parts Destroyed . | . . . Critical Strikes . | . . . Melee Attacks . | . . . Impact . | . . . Slashing . | . . . Piercing . | . . . Sneak Attacks . | . . . Combat Hostiles . | . . . Follow-up Attacks . | . . . Damage Inflicted 1154 | . 1107 47 Guns 1116 | . 1069 47 Cannons . | . . . Explosions 26 | . 26 . Melee . | . . . Ramming 12 | . 12 . Kinetic 911 | . 864 47 Thermal 123 | . 123 . Explosive . | . . . Electromagnetic 108 | . 108 . Impact . | . . . Slashing . | . . . Piercing . | . . . Highest Corruption 2 | . 2 2 Average Corruption 2 | . 2 2 Corruption Purged . | . . . Corruption Blocked . | . . . Effects 17 | . 13 4 Message Errors 7 | . 5 2 Matter Fused 2 | . . 2 Heat Flow Errors 1 | . 1 . Energy Discharges 4 | . 4 . Parts Rejected 1 | . 1 . Data Loss (major) 1 | . 1 . Alerts 1 | . 1 . Overload Shots . | . . . Overflow Damage . | . . . Projectiles . | . . . Explosions . | . . . Melee . | . . . Knockbacks . | . . . Impact . | . . . Kinetic . | . . . Secondary . | . . . Self-Inflicted Damage 38 | . 38 . Shots 1 | . 1 . Rammed . | . . . Targets Rammed 4 | . 4 . Kicked 4 | . 4 . Crushed . | . . . Highest Temperature 324 | . 324 6 Average Temperature 70 | . 71 4 Received Heat Transfer 108 | . 108 . Siege Activations . | . . . Martial Activations . | . . . Shielding Activations . | . . . Robots Disrupted . | . . . Combat Hostiles . | . . . Robots Corrupted . | . . . Combat Hostiles . | . . . Parts Fried . | . . . Impact Corruptions . | . . . Robots Melted . | . . . Combat Hostiles . | . . . Parts Melted 2 | . 2 . Heat Transferred 272 | . 272 . Parts Sabotaged . | . . . Parts Stolen . | . . . Parts Stripped . | . . . Power Chain Reactions 1 | . 1 . Alert | -11 -10 -10 ------- Run | Yrd Mat Min Maximum Alert Level 1 | . 1 . Low Security (%) 93 | 100 91 100 Level 1 6 | . 8 . Level 2 . | . . . Level 3 . | . . . Level 4 . | . . . Level 5 . | . . . High Security . | . . . Max Security . | . . . Peak Influence 227 | . 227 67 Initial 67 | . . 67 Average 98 | . 121 23 Influence Increases 584 | . 579 5 Destroy 0b10 Robot/C 380 | . 380 . Destroy 0b10 Robot/NC 30 | . 25 5 Destroy Leader 84 | . 84 . Successful Hack 9 | . 9 . Disable Machine 15 | . 15 . Destroy Structure 6 | . 6 . Lose Combat Pursuer 60 | . 60 . Influence Decreases 579 | . 406 173 Entered New Map 106 | . . 106 Time Decay 463 | . 396 67 Lost Part 10 | . 10 . Squads Dispatched 4 | . 4 . Investigation 1 | . 1 . Extermination . | . . . Reinforcement 3 | . 3 . Assault . | . . . Garrison . | . . . Intercept . | . . . Searches Triggered . | . . . Construction Impeded . | . . . Haulers Reinforced . | . . . Active Scanning Responses . | . . . Cargo Convoy Interrupts . | . . . Stealth | -11 -10 -10 --------- Run | Yrd Mat Min Distress Signals 2 | . 2 . Communications Jammed . | . . . Distress Signals . | . . . Times Spotted 31 | . 28 3 Peak Tracking Total 5 | . 5 2 Tactical Retreats 2 | . 2 . Traps | -11 -10 -10 ------- Run | Yrd Mat Min Traps Triggered 2 | . 2 . Indirectly . | . . . Trap Hack Attempts . | . . . Triggered . | . . . Disarmed . | . . . Reprogrammed . | . . . Reused . | . . . Traps Extracted . | . . . Installed . | . . . Triggered . | . . . Machines | -11 -10 -10 ---------- Run | Yrd Mat Min Machines Disabled 1 | . 1 . Max in Single Turn 1 | . 1 . Machines Repaired . | . . . Machines Dismantled . | . . . Machines Sabotaged . | . . . Overloaded Fab Kills . | . . . Hacking | -11 -10 -10 --------- Run | Yrd Mat Min Machines Accessed 3 | . 3 . Terminals 3 | . 3 . Fabricators . | . . . Repair Stations . | . . . Recycling Units . | . . . Scanalyzers . | . . . Garrison Access . | . . . Total Hacks 9 | . 9 . Successful 2 | . 2 . Failed 7 | . 7 . Catastrophic 1 | . 1 . Database Lockouts . | . . . Manual 6 | . 6 . Terminals 9 | . 9 . Fabricators . | . . . Repair Stations . | . . . Recycling Units . | . . . Scanalyzers . | . . . Garrison Access . | . . . Terminal Hacks . | . . . Fabricator Hacks . | . . . Repair Station Hacks . | . . . Recycling Unit Hacks . | . . . Scanalyzer . | . . . Garrison Access Hacks . | . . . Unauthorized Hacks 2 | . 2 . Terminals 2 | . 2 . Botnet 2 | . 2 . Fabricators . | . . . Repair Stations . | . . . Recycling Units . | . . . Scanalyzers . | . . . Garrison Access . | . . . Data Cores Recovered 1 | . 1 . Used . | . . . Hacking Detections 2 | . 2 . Full Trace Events 1 | . 1 . Feedback Events . | . . . Feedback Blocked . | . . . Robot Schematics Acquired . | . . . Robots Built . | . . . Authchips . | . . . Time . | . . . Total Robot Build Rating . | . . . Part Schematics Acquired . | . . . Parts Built . | . . . Authchips . | . . . Time . | . . . Total Part Build Rating . | . . . Part Studies Acquired . | . . . Parts Repaired . | . . . Time . | . . . Parts Recycled . | . . . Recycled Matter . | . . . Retrieved Matter . | . . . Retrieved Components . | . . . Parts Scanalyzed . | . . . Part Schematics Acquired . | . . . Parts Damaged . | . . . Bothacking | -11 -10 -10 ------------ Run | Yrd Mat Min Used RIF Installer . | . . . Robots Hacked . | . . . Non-combat . | . . . Combat . | . . . Robot Hacks Applied . | . . . Relay Couplers Released . | . . . Fabnet Peak Effective % . | . . . Robots Rewired . | . . . Allies Hacked . | . . . Hacks Repelled . | . . . Allies | -11 -10 -10 -------- Run | Yrd Mat Min Total Allies . | . . . Largest Group . | . . . Highest-Rated Group . | . . . Highest-Rated Ally . | . . . Total Orders . | . . . Ally Attacks . | . . . Total Damage . | . . . Kills . | . . . Allies Corrupted . | . . . Allies Melted . | . . . Intel | -11 -10 -10 ------- Run | Yrd Mat Min Active Infowar (turns) . | . . . Robot Analysis Total . | . . . Derelict Logs Recovered . | . . . Drone Launches . | . . . Drone Recoveries . | . . . Exploration | -11 -10 -10 ------------- Run | Yrd Mat Min Turns Passed 1300 | 73 1011 216 Spaces Moved 637 | 55 475 107 Core 9 | 9 . . Treads . | . . . Legs 628 | 46 475 107 Wheels . | . . . Hover . | . . . Flight . | . . . Fastest Speed 50 | 50 120 190 Average Speed 164 | 108 165 190 Slowest Speed 190 | 120 190 190 Overloaded Moves . | . . . Propulsion Burnouts . | . . . Robots Hopped . | . . . Potential Cave-ins . | . . . Cave-ins Triggered . | . . . Exploration Rate (%) 36 | 4 77 27 Regions Visited 2 Branch Regions 1 Pre-discovered Areas . | . . . Known Exits Taken . | . . . Unknown Exits Taken 2 | 1 1 . Scrap Searched . | . . . Spaces Dug . | . . . Terrain Destroyed 2 | . 2 . Melee . | . . . Projectile . | . . . AOE 2 | . 2 . Terrain Rammed . | . . . Walls Destroyed . | . . . Machines Disabled . | . . . Actions | -11 -10 -10 --------- Run | Yrd Mat Min Total 766 | 68 583 115 Wait 18 | . 16 2 Move 635 | 54 474 107 Hop . | . . . Pick Up 21 | 8 13 . Fast Attach 4 | . 4 . Attach 8 | 5 1 2 Detach . | . . . Swap 1 | 1 . . Drop 3 | . 3 . Fire 72 | . 68 4 Melee . | . . . Ram . | . . . Kick 4 | . 4 . Crush . | . . . Escape Stasis . | . . . Rewire . | . . . Trap . | . . . Miscellaneous . | . . . Route ------- -11/Scrapyard -10/Materials (discovered 3 exits: [*Mat x2] / [*Min]) -10/Mines History --------- Turn | Location | Event 3 | -11/Scrapyard | Discovered new exit (range 15) 74 | -11/Scrapyard | Entered Materials 316 | -10/Materials | Build established: Mutant 544 | -10/Materials | Discovered new exit (range 9) 766 | -10/Materials | Discovered new exit (range 12) 875 | -10/Materials | Core integrity fell below 50% 916 | -10/Materials | Discovered new exit (range 16) 1085 | -10/Materials | Entered Mines 1236 | -10/Mines | Found a hidden stash of uninstalled traps 1267 | -10/Mines | Assembled infested the area 1299 | -10/Mines | Core integrity fell below 20% 1301 | -10/Mines | Destroyed by D-53 Grenadier with Mini Grenade Launcher Last Messages --------------- dispatching Demolisher response squad. 01285_ System corrupted: Matter fused (-7). 01291_ C-45 Heavy ARC bursts open, deploying its payload. 01291_ D-53 Grenadier unfolds itself. 01292_ Autogun destroyed. 01293_ Aluminum Leg destroyed. 01293_ K-01 Serf collects debris. 01294_ U-05 Engineer lays Concrete. 01294_ Aluminum Leg destroyed. 01295_ U-05 Engineer lays Concrete. 01295_ Ion Engine destroyed. 01296_ The unstable cave ceiling collapses. 01296_ U-05 Engineer lays Concrete. 01297_ K-01 Serf collects debris. 01297_ U-05 Engineer lays Concrete. 01298_ K-01 Serf destroyed. 01299_ U-05 Engineer lays Concrete. 01301_ The unstable cave ceiling collapses. 01301_ U-05 Engineer lays Concrete. Map ----- +----------------------------------------------------+ | ?????????????????????????????????????????## ## | | ?????????????????????????????????????????# | | ?????????????????????????????????????????# # | | ?????????????????????????????????????????### ## | | ???????????????????????????????????????????## #? | | ????????????????????????????????????????????## ## | | ????????????????????????????????????????????## # | | ??????????????????????????################### # | | ??????????????????????????# # | | ??????????????????????????# ################# | | ????????????????????????????????????????????## | | ?????????????????????????????????????????????# | | ????????????????????????????????##??????????## # | | ???????????????????????????????? #???##????## # | | ???????????????????????????????? #??## ##?## | | ???????????????????????????????? #??# ### | | ???????????????????????????????? #??# """ # | | ???????????????????????????????? ##### """ | | ???????????????????????????????# ###### """ | | ?????????????????????????????##%= #???## | | ??????????????????????######## ! #????# | | ?????????????????????## ## dd #?????## | | ????????????????????## #???????# ##### | | ????????????????????# # #????????# #???? | | ????????????????????# u #????###??# #???? | | ????????????????????# # @ #???## ##?# ##??? | | ???????????????????# # #???# ### #### | | ???????????????????# ##### | | ???????????????????## # | | ????????????????????## ## | | ????????????????????? ### #### ## | | ????????????????????# #######?# #??# ### & | | ????????????????????# ????????# #??# #?# | | ????????????????????#????????? #??# ## | | ??????????????????????????????###??# ## | | ???????????????????????????????????# ### ### | | ???????????????????????????????????# #?#####?### | | ???????????????????????????????????# #?????????## | | ???????????????????????????????????? ???????????## | | ???????????????????????????????????? ????????????# | | ???????????????????????????????????? ????????????? | | ???????????????????????????????????? ????????????? | | ???????????????????????????????????? ????????????? | | ???????????????????????????????????? ????????????? | | ???????????????????????????????????? ????????????? | | ?????????????????????????????????????????????????? | | ?????????????????????????????????????????????????? | | ?????????????????????????????????????????????????? | | ?????????????????????????????????????????????????? | | ?????????????????????????????????????????????????? | +----------------------------------------------------+ Best States ------------- Heat Dissipation 25 Energy Generation 10 Energy Capacity 250 Matter Stores 300 Matter Capacity 300 Sight Range 16 Terrain Scan Density 10 Evasion (%) 55 Item Schematics ----------------- None Robot Schematics ------------------ None Fabricated ------------ Nothing Repaired ---------- Nothing Studied --------- None Alien Tech Used ----------------- None Achievements -------------- None Challenges ------------ None Game ------ Seed PlatingSalvagingShotgun Manual? 0 Play Time 00:06:27 Cumulative 311.3 hours Start 2026.09.21 @ 18:08:19 End 2026.09.21 @ 18:14:08 Sessions 1 Manual Loads 0 Difficulty Rogue Special Mode None Game No. 339 Rogue 339 Adventurer 0 Explorer 0 Win Type - Total 3 Types 3/0/0/0/0/0/0/0/0/0 Lore% 50 Gallery% 59 Achievement% 45 Wizard Run 0 Options --------- Layout 1 ASCII 0 Keyboard 0 Movement Numpad Keybinds 0 Fullscreen 2 Font 24/Smallcaps Map View 50x35 Zoom Use 0% Tactical HUD 1 Map Filters NONE Filters NONE Steam 1 RUN: f133d3c7-8d98-4c42-9f50-ee09ebb8f397